AoeStats
← 他并不是一个笨比

Black Forest

508195742Analyzed
4v4 RM · 10d ago on Sep 21, 2026· 43m 35s· 8 players
Game mode
Random Map
Map size
Large (8 player)
Population
200
Speed
Normal
Resources
Standard
Victory
Conquest
Starting age
Dark Age
Ending age
Imperial Age
RankedLock teamsTeams togetherTeam positionsShared explorationLock speedFull tech treeHidden civsTurbo modeCheats
Victory
Defeat
🇩🇪 Bohemians · Germany
1501
+7
🇳🇴 Khmer · Norway
1313
+13
🇹🇷 Byzantines · Türkiye
1293
+14
🇩🇪 Romans · Germany
1157
+19
1325
-17
🇬🇧 Celts · United Kingdom
1254
-13
🇦🇺 Malay · Australia
1236
-12
🇯🇵 Mongols · Japan
1198
-11
Tom Bombadil's Chode
0:37 Loom
11:49 Feudal Age
12:32 Double-Bit Axe
18:02 Castle Age
15:46 Man-at-Arms
17:12 Arson
18:36 Horse Collar
19:07 Bow Saw
26:23 Fletching
26:59 Bodkin Arrow
28:14 Wheelbarrow
30:37 Hand Cart
30:08 Town Watch
34:44 Imperial Age
33:10 Gold Mining
33:10 Stone Mining
33:22 Heavy Plow
34:12 Scale Mail Armor
34:22 Forging
34:29 Pikeman
35:26 Chain Mail Armor
34:48 Capped Ram
35:38 Halberdier
37:08 Plate Mail Armor
38:46 Iron Casting
38:09 Siege Ram
42:52 Onager
他并不是一个笨比
5:18 Loom
13:15 Feudal Age
14:24 Double-Bit Axe
16:54 Castle Age
14:57 Fishing Lines
18:41 Wheelbarrow
19:12 Bow Saw
20:16 Horse Collar
22:34 Gillnets
28:53 Imperial Age
26:43 Hand Cart
26:49 Scale Mail Armor
27:07 Heavy Plow
28:36 Chain Mail Armor
28:32 Forging
30:50 Chemistry
30:48 Siege Engineers
30:54 Masonry
31:58 Two-Man Saw
31:11 Houfnice
32:08 Squires
31:53 Arson
31:29 Pikeman
32:44 Plate Mail Armor
32:49 Iron Casting
32:46 Conscription
32:41 Wagenburg Tactics
36:05 Halberdier
38:52 Man-at-Arms
41:04 Blast Furnace
41:23 Long Swordsman
42:39 Two-Handed Swordsman
ragamuffin
0:27 Loom
15:12 Feudal Age
22:43 Castle Age
20:57 Double-Bit Axe
27:29 Crossbowman
28:05 Fletching
29:21 Padded Archer Armor
30:01 Gold Mining
31:12 Wheelbarrow
31:47 Leather Archer Armor
31:16 Elite Skirmisher
32:30 Bodkin Arrow
37:06 Ballistics
38:56 Hand Cart
41:22 Imperial Age
38:38 Town Watch
39:36 Stone Mining
42:48 Arbalester
sada-aki
9:10 Loom
10:55 Feudal Age
12:02 Double-Bit Axe
18:34 Castle Age
19:29 Bow Saw
24:19 Horse Collar
27:23 Gold Mining
27:24 Stone Mining
33:13 Imperial Age
33:31 Ballistics
34:20 Wheelbarrow
34:24 Drill
33:31 Heavy Scorpion
36:04 Gold Shaft Mining
37:31 Chemistry
Sawyer
0:50 Loom
12:23 Feudal Age
13:27 Double-Bit Axe
14:51 Horse Collar
16:28 Fishing Lines
20:51 Castle Age
21:39 Wheelbarrow
23:40 Gold Mining
28:33 Imperial Age
26:47 Scale Barding Armor
26:53 Forging
27:27 Gillnets
28:27 Caravan
29:08 Hand Cart
31:39 Chemistry
31:33 Heavy Plow
33:50 Chain Barding Armor
34:38 Iron Casting
34:53 Conscription
35:31 Bow Saw
36:53 Plate Barding Armor
36:40 Guilds
37:31 Elite Cataphract
41:33 Two-Man Saw
41:06 Crop Rotation
BlueSky
10:47 Feudal Age
13:42 Castle Age
12:17 Double-Bit Axe
12:46 Horse Collar
16:00 Loom
21:36 Bow Saw
22:47 Wheelbarrow
23:00 Heavy Plow
26:07 Hand Cart
25:38 Town Watch
26:51 Gold Mining
29:48 Imperial Age
29:02 Gold Shaft Mining
28:19 Stone Mining
28:56 Town Patrol
30:52 Double Crossbow
31:13 Conscription
30:59 Scale Barding Armor
31:08 Forging
31:20 Ballistics
32:59 Chemistry
32:08 Siege Engineers
32:25 Chain Barding Armor
32:41 Iron Casting
32:13 Heavy Scorpion
32:17 Capped Ram
33:10 Caravan
33:37 Tusk Swords
33:53 Siege Ram
36:52 Bloodlines
36:43 Husbandry
36:05 Light Cavalry
37:22 Plate Barding Armor
37:48 Blast Furnace
37:10 Hussar
golden Eagle
0:28 Loom
12:19 Feudal Age
17:22 Castle Age
15:43 Fishing Lines
16:28 Horse Collar
16:37 Double-Bit Axe
18:50 Heavy Plow
19:20 Bow Saw
20:27 Wheelbarrow
30:05 Ballistas
32:57 Imperial Age
30:35 Scale Mail Armor
31:48 Ballistics
32:19 Coinage
32:11 Chain Mail Armor
32:07 Forging
31:24 Pikeman
33:07 Heavy Scorpion
33:14 Capped Ram
33:18 Halberdier
33:59 Squires
34:38 Iron Casting
35:09 Siege Engineers
36:05 Chemistry
35:56 Siege Ram
38:50 Banking
39:02 Man-at-Arms
40:13 Comitatenses
39:54 Long Swordsman
41:39 Blast Furnace
40:53 Legionary
LM | Bumpi
0:40 Loom
13:51 Feudal Age
17:57 Castle Age
16:02 Double-Bit Axe
16:28 Fishing Lines
18:20 Wheelbarrow
19:39 Town Watch
22:03 Fletching
22:34 Fervor
22:08 Horse Collar
25:12 Bow Saw
30:54 Imperial Age
29:13 Hand Cart
29:21 Bodkin Arrow
30:42 Chemistry
30:40 Fortified Wall
31:05 Gillnets
31:06 Houfnice
32:54 Siege Engineers
33:11 Wagenburg Tactics
36:07 Masonry
39:13 Two-Man Saw
39:20 Padded Archer Armor
39:21 Bracer
39:49 Heavy Plow
43:00 Leather Archer Armor
Connection lost

Rejoining the realm…

Still unreachable

The connection could not be restored.

Session expired

The server has moved on; the page needs a fresh start.